 Dungeon Crawl Stone Soup version 0.31-a0-18-gea43df2a32 (webtiles) character file.

Game seed: 5976932165146307942

1268 sircluck the Covert (level 8, 0/46 HPs)
             Began as a Kobold Brigand on May 9, 2023.
             Slain by a wraith (11 damage)
             ... in an ossuary.
             The game lasted 00:08:35 (6082 turns).

sircluck the Covert (Kobold Brigand)                Turns: 6082, Time: 00:08:35

Health: 0/46       AC: 13    Str: 12    XL:     8   Next: 82%
Magic:  8/8        EV: 16    Int: 12    God:
Gold:   344        SH:  5    Dex: 22    Spells: 7/7 levels left

rFire   . . .        m - +1 dagger (drain)
rCold   . . .        (no shield)
rNeg    . . .        f - +0 leather armour
rPois   .            J - +1 hat {Stlth+}
rElec   .            s - +1 cloak
rCorr   .            g - +2 pair of gloves
SInv    .            (no boots)
Will    .....        x - amulet "Tuyc" {Reflect Str+4 Dex+3 SH+5}
Stlth   +++++++      p - +4 ring of protection
HPRegen 0.27/turn    (no ring)
MPRegen 0.11/turn

%: reflection
@: slowed, very slow
A: small, no large weapons, nightstalker 3
a: no special abilities


You were in an ossuary.
You visited 1 branch of the dungeon, and saw 5 of its levels.
You also visited: Sewer and Ossuary.

You collected 344 gold pieces.

Inventory:

Hand Weapons
 a - a +2 dagger
 m - a +1 dagger of draining (weapon)
 r - the +3 hammer of the Enemy {speed, Contam Int+6}
   (You found it on level 2 of the Dungeon)

   Int:       It affects your intelligence (+6).
   Contam:    It causes magical contamination when unequipped.
Missiles
 d - 31 poisoned darts (quivered)
 e - 6 curare-tipped darts
 k - 59 stones
Armour
 b - a +0 robe
 c - a +0 cloak
 f - a +0 leather armour (worn)
 g - a +2 pair of gloves (worn)
 s - a +1 cloak (worn)
 J - a +1 hat of stealth (worn)
Jewellery
 p - a +4 ring of protection (left hand)
 x - the amulet "Tuyc" (around neck) {Reflect Str+4 Dex+3 SH+5}
   (You found it on level 2 of the Dungeon)

   [amulet of reflection]

   It reflects blocked missile attacks.
   Str:       It affects your strength (+4).
   Dex:       It affects your dexterity (+3).
   SH:        It affects your SH (+5).
 E - the ring "Ypnyef" {Fly rN+ Will+ rCorr}
   (You found it on level 3 of the Dungeon)

   [ring of positive energy]

   rN:        It protects you from negative energy.
   Fly:       It grants you flight.
   rCorr:     It protects you from acid and corrosion.
   Will:      It increases your willpower.
Wands
 t - a wand of flame (15)
Scrolls
 n - 3 scrolls of enchant weapon {unknown}
 q - 2 scrolls of magic mapping {unknown}
 u - 3 scrolls of blinking {unknown}
 v - a scroll of fog {unknown}
 y - 3 scrolls of teleportation {unknown}
 A - a scroll of amnesia {unknown}
 B - 2 scrolls of noise {unknown}
 D - a scroll of fear {unknown}
 F - 5 scrolls of identify {unknown}
 G - a scroll of poison {unknown}
 H - 2 scrolls of enchant armour {unknown}
 I - a scroll of torment {unknown}
Potions
 h - 2 potions of resistance {unknown}
 i - a potion of mutation {unknown}
 l - a potion of brilliance {unknown}
 o - a potion of berserk rage {unknown}
 w - 4 potions of curing {unknown}
 z - 2 potions of degeneration {unknown}
 C - 5 potions of might {unknown}


   Skills:
 + Level 3.2 Fighting
 + Level 4.9 Short Blades
 + Level 4.7 Throwing
 + Level 2.6 Armour
 + Level 3.2 Dodging
 * Level 11.0 Stealth
 + Level 1.1 Shields
 + Level 1.0 Evocations


You had 7 spell levels left.
You didn't know any spells.
Your spell library contained the following spells:

 Spells                   Type           Power      Damage    Failure   Level
 Foxfire                  Conj/Fire      0%         2x1d4     38%         1
 Kiss of Death            Conj/Necr      0%         2d5       38%         1
 Sting                    Tmut/Pois      0%         1d3       38%         1
 Poisonous Vapours        Pois/Air       0%         N/A       54%         2
 Confusing Touch          Hex            0%         N/A       77%         3
 Inner Flame              Hex/Fire       0%         N/A       77%         3
 Dispel Undead            Necr           0%         3d6       99%         4
 Flame Wave               Conj/Fire      0%         2d4       99%         4
 Olgreb's Toxic Radiance  Pois           0%         N/A       99%         4
 Sticky Flame             Conj/Fire      0%         2d3       99%         4
 Fireball                 Conj/Fire      0%         3d3       100%        5
 Plasma Beam              Fire/Air       0%         2x1d11    100%        6
 Starburst                Conj/Fire      0%         6d3       100%        6


Dungeon Overview and Level Annotations

Branches:
Dungeon (5/15)              Sewer (visited)         Ossuary (1/1)
 Temple: D:4-7

Altars:

Shops:
D:2 (


Innate Abilities, Weirdness & Mutations

You are small and have problems with some larger weapons.
You are completely attuned to the shadows.


Message History

The puff of flame hits the wraith but does no damage.
The wraith is moderately damaged.
The wraith barely misses you.
Aiming: Throw Flame
Press: ? - help, Q - select action, (/) - cycle Shift-Dir - straight line, f/p - wraith
Aim: a wraith (moderately damaged, 68% to hit)
The puff of flame hits the wraith but does no damage.
The wraith is moderately damaged.
You block the wraith's attack. The wraith barely misses you.
Aiming: Throw Flame
Press: ? - help, Q - select action, (/) - cycle Shift-Dir - straight line, f/p - wraith
Aim: a wraith (moderately damaged, 68% to hit)
The puff of flame hits the wraith.
The wraith is moderately damaged.
The wraith hits you. The wraith drains your vigour!
You feel as though you will be slow longer.
Aiming: Throw Flame
Press: ? - help, Q - select action, (/) - cycle Shift-Dir - straight line, f/p - wraith
Aim: a wraith (moderately damaged, 68% to hit)
The puff of flame hits the wraith but does no damage.
The wraith is moderately damaged.
The wraith hits you!
* * * LOW HITPOINT WARNING * * *
You block the wraith's attack.
Throw: throwing net
Press: ? - help, Q - select action, (/) - cycle Shift-Dir - straight line, f/p - wraith
Aim: a wraith (moderately damaged, 66% to hit, immune to nets)
You throw a throwing net. The throwing net hits the wraith.
The net passes right through the wraith!
The wraith is moderately damaged.
The wraith misses you. The wraith attacks as you move away!
The wraith hits you but does no damage. x2
The wraith attacks as you move away! The wraith barely misses you.
The wraith attacks as you move away! The wraith misses you.
You block the wraith's attack. You block the wraith's attack.
There is an open door here.
The wraith misses you. The wraith attacks as you move away!
The wraith hits you!
You die...

.?!.##...#
??!!('...+
..?.##...# .
...##...##
..#####...##
.........##
#####'#####.
....W.......
....@.......
####'''#####
#...####
+...'..#
#...#..#
#...####
#...# #...#
#...#


You could see a wraith.

Vanquished Creatures
  A black bear (D:5)
  An ogre (D:4)
  8 kobold brigands (Sewer)
  3 orc priests
  A gnoll bouda (D:4)
  Crazy Yiuf (D:2)
  2 orc wizards (D:5)
  A mummy (Ossuary)
  Robin (D:2)
  7 gnolls
  12 adders
  A river rat (Sewer)
  A white imp (D:5)
  An ufetubus (D:4)
  3 worms
  3 dart slugs
  12 orcs
  11 endoplasms
  5 giant cockroaches
  6 goblins
  6 hobgoblins
  7 quokkas
  9 ball pythons
  5 bats
  2 frilled lizards
  A gnoll skeleton (Ossuary)
  8 kobolds
  A kobold skeleton (Ossuary)
  7 orc skeletons (Ossuary)
  6 rats
133 creatures vanquished.

Notes
Turn   | Place    | Note
-------+----------+-------------------------------------------
     0 | D:1      | sircluck the Kobold Brigand began the quest for the Orb.
     0 | D:1      | Reached XP level 1. HP: 12/12 MP: 1/1
     6 | D:1      | Found a faded altar of an unknown god.
   251 | D:1      | Reached XP level 2. HP: 17/17 MP: 2/2
   347 | D:1      | Reached skill level 6 in Stealth
   684 | D:1      | Reached XP level 3. HP: 19/20 MP: 3/3
  1357 | D:2      | Identified the +3 hammer of the Enemy {speed, Contam Int+6}
  1361 | D:2      | Found a runed translucent door.
  1373 | D:2      | Noticed Crazy Yiuf
  1378 | D:2      | Killed Crazy Yiuf
  1379 | D:2      | Reached skill level 7 in Stealth
  1379 | D:2      | Reached XP level 4. HP: 26/26 MP: 4/4
  1426 | D:2      | Noticed Robin
  1439 | D:2      | Killed Robin
  1522 | D:2      | Found Feuluhui's Antique Weapon Boutique.
  1591 | D:2      | Identified the amulet "Tuyc" {Reflect Str+4 Dex+3 SH+5}
  1711 | D:2      | Reached XP level 5. HP: 31/31 MP: 5/5
  1921 | D:3      | Reached skill level 1 in Armour
  2323 | D:3      | Found a glowing drain.
  2327 | Sewer    | Entered a sewer
  2349 | Sewer    | Noticed a kobold brigand
  2349 | Sewer    | Noticed a kobold brigand
  2361 | Sewer    | Noticed a kobold brigand
  2386 | Sewer    | Killed a kobold brigand
  2387 | Sewer    | Reached skill level 8 in Stealth
  2387 | Sewer    | Reached XP level 6. HP: 7/36 MP: 6/6
  2574 | Sewer    | Reached skill level 9 in Stealth
  2689 | Sewer    | Reached XP level 7. HP: 41/41 MP: 7/7
  2963 | Sewer    | Reached skill level 10 in Stealth
  3209 | Sewer    | Reached skill level 1 in Evocations
  3209 | Sewer    | Reached XP level 8. HP: 46/46 MP: 8/8
  3354 | Sewer    | Reached skill level 1 in Shields
  3446 | D:3      | Identified the ring "Ypnyef" {Fly rN+ Will+ rCorr}
  4058 | D:4      | Identified the +4 sling of Cintemack {flame, Will+}
  5171 | D:5      | Entered Level 5 of the Dungeon
  5919 | D:5      | Found a sand-covered staircase.
  5932 | Ossuary  | Entered an ossuary
  5943 | Ossuary  | Noticed a wraith
  5989 | Ossuary  | Reached skill level 11 in Stealth
  6025 | Ossuary  | Noticed a wraith
  6082 | Ossuary  | Slain by a wraith

Illustrated notes

Levels and vault maps discovered:
D:1:      spicycebolla_green_bress_n_ham_2, layout_basic,
          basic_ecumenical_altar, minmay_pentomino_q2
D:2:      layout_loops_ring, serial_shops, shop, uniq_robin,
          uniq_crazy_yiuf_cottage
D:3:      layout_basic, gup_sewer_entry_spiral, chequers_serial_rivers_marsh,
          minmay_fractal_squares_diagonal_5
D:4:      minmay_general_purpose_star, layout_loops_ring,
          kennysheep_generic_room_7
D:5:      layout_loops_ring, nicolae_ossuary_entry_ruins
Ossuary:  ossuary_due_mausoleum

Skill      XL: |  1  2  3  4  5  6  7  8 |
---------------+-------------------------+-----
Stealth        | 6 7 8 9 10 11 | 11.0
Short Blades   | 3 4 |  4.9
Armour         | 1 2 |  2.6
Fighting       | 3 |  3.2
Dodging        | 2 3 |  3.2
Evocations     | 1 |  1.0
Shields        | 1 |  1.1
Throwing       | 4 |  4.7

Action                     |  1- 3 |  4- 6 |  7- 9 || total
---------------------------+-------+-------+-------++-------
  Melee: Dagger            |    57 |   128 |   306 ||   491
         Punch             |       |     2 |     5 ||     7
  Throw: Dart              |       |       |   132 ||   132
         Throwing net      |       |       |     1 ||     1
  Evoke: Wand              |       |     5 |     4 ||     9
    Use: Potion            |       |     1 |     2 ||     3
   Stab: Sleeping          |    12 |    14 |    14 ||    40
         Distracted        |       |       |     1 ||     1
 Armour: Robe              |     2 |       |       ||     2
         Leather armour    |    15 |    33 |   107 ||   155
  Dodge: Dodged            |    32 |    51 |   199 ||   282
  Block: Other             |       |     9 |    60 ||    69
         Reflection        |       |       |     2 ||     2

Table legend: (Time is in decaauts)
 A = Elapsed time spent in this place.
 B = Non-inter-level travel time spent in this place.
 C = Inter-level travel time spent in this place.
 D = Time resting spent in this place.
 E = Time spent auto-exploring this place.
 F = Levels seen in this place.
 G = Mean time per level.
                   A        B        C        D        E       F      G
               +--------+--------+--------+--------+--------+-----+--------+
         Total |   6287 |   6074 |    213 |    133 |   4680 |   7 |  898.1 |
       Dungeon |   4843 |   4630 |    213 |      0 |   3854 |   5 |  968.6 |
         Sewer |   1296 |   1296 |      0 |    133 |    791 |   1 | 1296.0 |
       Ossuary |    148 |    148 |      0 |      0 |     35 |   1 |  148.0 |
               +--------+--------+--------+--------+--------+-----+--------+

Top non-repeatable levels by time:
   Sewer: 1296 daAuts
     D:4: 1208 daAuts
     D:1: 1047 daAuts
     D:3: 1017 daAuts
     D:2: 825 daAuts
     D:5: 743 daAuts
 Ossuary: 148 daAuts
